 Dungeon Crawl Stone Soup version 0.30-a0-321-gf7783e6616 (webtiles) character file.

Game seed: 11910252893791990688

1231 Bnni the Chopper (level 8, -2/65 HPs)
             Began as a Formicid Fighter on Oct 26, 2022.
             Was a Follower of Okawaru.
             Slain by an orc
             ... wielding a +0 trident
              (5 damage)
             ... on level 5 of the Dungeon.
             The game lasted 00:07:30 (4646 turns).

Bnni the Chopper (Formicid Fighter)                 Turns: 4646, Time: 00:07:31

Health: -2/65      AC: 13    Str: 23 (24) XL:     8   Next: 77%
Magic:  9/10       EV:  7    Int:  6 (7)  God:    Okawaru [*.....]
Gold:   214        SH:  6    Dex: 17 (19) Spells: 4/7 levels left

rFire   . . .      SeeInvis +    a - +0 war axe
rCold   . . .      Faith    .    c - +0 buckler
rNeg    . . .      Spirit   .    m - +0 chain mail
rPois   .          Reflect  .    (helmet unavailable)
rElec   .          Harm     .    (no cloak)
rCorr   .          Rampage  .    (no gloves)
Will    .....                    (no boots)
Stlth   ..........               (no amulet)
HPRegen 0.30/turn                f - +4 ring of protection
MPRegen 0.12/turn                p - +6 ring of dexterity

@: studying Ranged Weapons, invisible
A: permanent stasis, dig shafts and tunnels, antennae 3, four strong arms
a: Dig, Shaft Self, Renounce Religion, Heroism


You were on level 5 of the Dungeon.
You worshipped Okawaru.
Okawaru was aware of your devotion.
You visited 2 branches of the dungeon, and saw 6 of its levels.
You also visited: Sewer.

You collected 214 gold pieces.

Inventory:

Hand Weapons
 a - a +0 war axe (weapon)
 E - a +2 short sword of venom
Missiles
 g - 6 atropa-tipped darts
 u - 16 poisoned darts
 x - 5 curare-tipped darts
Armour
 c - a +0 buckler (worn)
 m - a +0 chain mail (worn)
Jewellery
 f - a +4 ring of protection (left hand)
 p - a +6 ring of dexterity (right hand)
Wands
 s - a wand of roots (17)
 A - a wand of polymorph (8)
Scrolls
 b - 2 scrolls of identify
 j - a scroll of summoning {unknown}
 l - 2 scrolls of fear {unknown}
 n - a scroll of silence {unknown}
 r - a scroll of amnesia {unknown}
 v - a scroll of poison {unknown}
 y - a scroll of torment {unknown}
 D - a scroll of magic mapping {unknown}
 F - 4 scrolls of enchant armour {unknown}
 G - a scroll of brand weapon {unknown}
Potions
 d - 2 potions of might
 e - 2 potions of curing
 h - 2 potions of haste
 i - 2 potions of attraction
 k - a potion of ambrosia {unknown}
 o - 2 potions of mutation
 B - 2 potions of cancellation
 C - 3 potions of magic
 H - a potion of brilliance {unknown}


   Skills:
 + Level 6.7 Fighting
 * Level 7.8 Axes
 - Level 3.2 Armour
 - Level 5.0 Shields
 + Level 2.8 Invocations


You had 4 spell levels left.
You knew the following spells:

 Your Spells              Type           Power      Damage    Failure   Level
a - Vhi's Electric Charg  Tloc/Air       0%         N/A       100%        3

Your spell library contained the following spells:

 Spells                   Type           Power      Damage    Failure   Level
 Freeze                   Ice            0%         1d3       99%         1
 Static Discharge         Conj/Air       0%         2-2/arc   100%        2
 Frozen Ramparts          Ice            0%         1d1       100%        3
 Hailstorm                Conj/Ice       0%         3d3       100%        3
 Ozocubu's Armour         Ice            0%         N/A       100%        3
 Arcjolt                  Conj/Air       0%         1d10      100%        5
 Lightning Bolt           Conj/Air       0%         1d11      100%        5
 Metabolic Englaciation   Hex/Ice        0%         N/A       100%        5
 Simulacrum               Ice/Necr       Unusable   N/A       N/A         6

Dungeon Overview and Level Annotations

Branches:
Dungeon (5/15)             Temple (1/1) D:4           Sewer (visited)

Altars:
Ashenzari
Dithmenos
Elyvilon
Gozag
Hepliaklqana
Kikubaaqudgha
Makhleb
Nemelex Xobeh
Okawaru
Qazlal
Ru
Sif Muna
Trog
Uskayaw
Wu Jian
Yredelemnul

Shops:
D:1 [   D:3 [


Innate Abilities, Weirdness & Mutations

You cannot be hasted, slowed, berserked, paralysed or teleported.
You can dig through walls and to a lower floor.
You have a pair of large antennae on your head. (SInv)
Your four strong arms can wield two-handed weapons with a shield.


Message History

You block the necrophage's attack.
You barely miss the necrophage.
The necrophage is moderately damaged.
You block the necrophage's attack.
You slash the necrophage!
The necrophage is heavily damaged.
The necrophage hits you but does no damage.
You barely miss the necrophage.
The necrophage is heavily damaged.
The necrophage hits you but does no damage.
You slash the necrophage!
The necrophage is almost destroyed.
The necrophage hits you but does no damage.
You hit the necrophage.
You destroy the necrophage!
Okawaru accepts your kill.
You can now gain great but temporary skills.
The centaur wields a +0 shortbow.
The centaur shoots an arrow.
The arrow hits you.
The orc priest mumbles some strange prayers to Beogh against you.
Beogh smites you!
You feel your dexterity returning.
You slash the orc!
You kill the orc!
Okawaru accepts your kill.
The centaur unwields a +0 shortbow.
The centaur hits you. The centaur barely misses you.
You hit the centaur.
The centaur is moderately wounded.
The orc priest invokes the aid of Beogh against you.
Beogh smites you! You block the centaur's attack. x2
The orc priest calls down the wrath of Beogh upon you.
Beogh smites you!
* * * LOW HITPOINT WARNING * * *
You fade into invisibility!
The centaur hits you.
* * * LOW HITPOINT WARNING * * *
The centaur barely misses you. x2; You block the centaur's attack.
The orc hits you from afar with a +0 trident.
You die...

....... ...>... .......
....... .......
oo.......#.#
###o.........# #.cso.....
..# ########@#####... #.#
.........# #.# #.#
....(...######.# #.#
####........#..####.#####
#.#####...............
#.. #....#####...... #.
#.##............ #
##.########......
.#####..#### ........


You could see a centaur (unable to see you), a scorpion (unable to see you), an
orc priest (unable to see you) and 2 orcs.

Vanquished Creatures
  A black bear (D:5)
  2 centaurs (D:4)
  A phantom (D:4)
  2 kobold brigands (Sewer)
  A necrophage (D:5)
  5 scorpions
  An orc priest (D:5)
  A hound (D:5)
  Ijyb (D:4)
  Natasha (thrice) (D:2)
  An orc wizard (D:4)
  8 adders
  3 river rats
  3 worms (Sewer)
  3 dart slugs
  17 orcs
  9 endoplasms
  3 giant cockroaches (D:5)
  7 goblins
  5 hobgoblins
  4 jackals (D:3)
  18 kobolds
  2 quokkas (D:5)
  16 ball pythons
  4 bats
  A frilled lizard (D:1)
  7 rats
129 creatures vanquished.

Vanquished Creatures (others)
  A fungus (D:3)
  A plant (D:2)
2 creatures vanquished.

Grand Total: 131 creatures vanquished

Notes
Turn   | Place    | Note
-------+----------+-------------------------------------------
     0 | D:1      | Bnni the Formicid Fighter began the quest for the Orb.
     0 | D:1      | Reached XP level 1. HP: 18/18 MP: 1/1
   134 | D:1      | Reached XP level 2. HP: 24/24 MP: 2/2
   139 | D:1      | Found Yfaim's Armour Emporium.
   655 | D:2      | Reached XP level 3. HP: 24/29 MP: 3/3
   659 | D:2      | Noticed Natasha
   664 | D:2      | Killed Natasha
   718 | D:2      | Reached XP level 4. HP: 37/37 MP: 4/4
   801 | D:2      | Noticed Natasha
   807 | D:2      | Reached skill level 3 in Axes
   807 | D:2      | Reached skill level 5 in Shields
   808 | D:2      | Killed Natasha
  1038 | D:2      | Noticed Natasha
  1047 | D:2      | Killed Natasha
  1048 | D:2      | Reached XP level 5. HP: 20/42 MP: 5/5
  1466 | D:3      | Reached skill level 4 in Axes
  1476 | D:3      | Reached XP level 6. HP: 39/49 MP: 6/6
  1840 | D:3      | Found Ofeas's Armour Boutique.
  2039 | D:3      | Reached skill level 5 in Axes
  2067 | D:3      | Found a bloodstained altar of Trog.
  2106 | D:3      | Found a faded altar of an unknown god.
  2442 | D:4      | Noticed Ijyb
  2447 | D:4      | Killed Ijyb
  2448 | D:4      | Reached skill level 5 in Fighting
  2497 | D:4      | Reached XP level 7. HP: 44/56 MP: 7/7
  2663 | D:4      | Reached skill level 6 in Axes
  2806 | D:4      | Found a stormy altar of Qazlal.
  2855 | D:4      | Reached XP level 8. HP: 64/64 MP: 8/8
  2901 | D:4      | Found a hazy altar of Hepliaklqana.
  2906 | D:4      | Learned a level 3 spell: Vhi's Electric Charge
  3106 | D:4      | Found a staircase to the Ecumenical Temple.
  3112 | Temple   | Entered the Ecumenical Temple
  3374 | Temple   | Became a worshipper of Warmaster Okawaru
  3633 | D:5      | Entered Level 5 of the Dungeon
  3637 | D:5      | Reached skill level 7 in Axes
  3637 | D:5      | Reached skill level 1 in Invocations
  3786 | D:5      | Found a glowing drain.
  3790 | Sewer    | Entered a sewer
  4643 | D:5      | Reached * piety under Okawaru
  4646 | D:5      | HP: 3/65 [centaur (3)]
  4646 | D:5      | Slain by an orc

Illustrated notes

Levels and vault maps discovered:
D:1:      eino_arrival_water_cross, layout_loops_cross, serial_shops,
          nicolae_shop_advertising_works [nicolae_subvault_shop_adworks]
D:2:      cheibrodos_old_hovel, layout_loops_ring, uniq_natasha
D:3:      layout_loops_ring, bloody_trog, serial_shops, shop,
          dreamdust_ecumenical_altar_grove
D:4:      layout_basic, mainiacjoe_overflow_catwalk, lemuel_doored_altar,
          temple_green, minmay_manual_mares, uniq_ijyb
D:5:      layout_rooms, doesnt_xom_only_xom, gup_sewer_entry_spiral, uniq_edmund
Temple:   oiseaux_autumnal_temple

Skill      XL: |  1  2  3  4  5  6  7  8 |
---------------+-------------------------+-----
Axes           | 3 4 5 6 7 |  7.8
Shields        | 5 |  5.0
Fighting       | 4 5 6 |  6.7
Invocations    | 2 |  2.8
Armour         | |  3.2

Action                   |  1- 3 |  4- 6 |  7- 9 || total
-------------------------+-------+-------+-------++-------
Melee: War axe           |    55 |   116 |   220 ||   391
       Dagger            |       |     8 |     9 ||    17
       Unarmed           |       |     3 |       ||     3
  Use: Scroll            |       |       |     6 ||     6
       Potion            |       |       |     5 ||     5
Armor: Scale mail        |    19 |       |       ||    19
       Chain mail        |       |    71 |   127 ||   198
Dodge: Dodged            |    16 |    38 |    59 ||   113
Block: Buckler           |    13 |    28 |    63 ||   104

Table legend: (Time is in decaauts)
 A = Elapsed time spent in this place.
 B = Non-inter-level travel time spent in this place.
 C = Inter-level travel time spent in this place.
 D = Time resting spent in this place.
 E = Time spent auto-exploring this place.
 F = Levels seen in this place.
 G = Mean time per level.
                   A        B        C        D        E       F      G
               +--------+--------+--------+--------+--------+-----+--------+
         Total |   4860 |   4735 |    125 |    276 |   3331 |   7 |  694.3 |
       Dungeon |   3915 |   3826 |     89 |    134 |   2870 |   5 |  783.0 |
        Temple |    292 |    256 |     36 |      0 |    240 |   1 |  292.0 |
         Sewer |    652 |    652 |      0 |    142 |    221 |   1 |  652.0 |
               +--------+--------+--------+--------+--------+-----+--------+

Top non-repeatable levels by time:
     D:4: 1019 daAuts
     D:3: 916 daAuts
     D:2: 815 daAuts
     D:1: 663 daAuts
   Sewer: 652 daAuts
     D:5: 500 daAuts
  Temple: 292 daAuts
